| TOP OF THE 1ST |
|
Delmarva Shorebirds batting - Pitching for Clinton LumberKings : RHP Sid Lampone
|
|
Pitching: RHP Sid Lampone
|
|
|
Batting: LHB Eric Jackson
|
0-0: Ball 1-0: Foul Ball, location: 2F 1-1: Swinging Strike 1-2: Foul Ball, location: 2F 1-2: Strikes out swinging
|
|
Batting: LHB Tim Mulholland
|
0-0: Ball 1-0: Called Strike 1-1: Swinging Strike 1-2: Ball 2-2: Ball 3-2: Base on Balls
|
|
Batting: RHB Danny Merrill
|
0-0: Fly out, F7 (Line Drive, 7D, EV 89.4 MPH)
|
|
Batting: LHB Mike Sloan
|
0-0: Ball 1-0: Ground out 4-3 (Groundball, 4, EV 108.1 MPH)
|
| Top of the 1st over - 0 runs, 0 hits, 0 errors, 1 left on base; Delmarva 0 - Clinton 0 |
| BOTTOM OF THE 1ST |
|
Clinton LumberKings batting - Pitching for Delmarva Shorebirds : RHP Nick Hoag
|
|
Pitching: RHP Nick Hoag
|
|
|
Batting: SHB Tony Morales
|
0-0: Fly out, F4 (Line Drive, 4, EV 68.8 MPH)
|
|
Batting: RHB Nick Edmunds
|
0-0: Ball 1-0: Ball 2-0: Ball 3-0: Called Strike 3-1: Fly out, F9 (Line Drive, 89S, EV 96.9 MPH)
|
|
Batting: RHB Ryan Criollo
|
0-0: Ball 1-0: Swinging Strike 1-1: Ball 2-1: Foul Ball, location: 2F 2-2: SINGLE (Groundball, 5, EV 95.6 MPH)
|
|
Batting: LHB Jason Hopkins
|
0-0: Called Strike 0-1: Ball Wild Pitch! Ryan Criollo to second 1-1: Called Strike 1-2: Ball 2-2: Ball 3-2: Fly out, F8 (Flyball, 78M, EV 89.4 MPH)
|
| Bottom of the 1st over - 0 runs, 1 hit, 0 errors, 1 left on base; Delmarva 0 - Clinton 0 |
| TOP OF THE 2ND |
|
Delmarva Shorebirds batting - Pitching for Clinton LumberKings : RHP Sid Lampone
|
|
Batting: SHB Jorge Brito
|
0-0: Ball 1-0: SINGLE (Groundball, 56D, EV 93.8 MPH)
|
|
Batting: LHB Justin Moore
|
0-0: Called Strike 0-1: Ball 1-1: Foul Ball, location: 2F 1-2: Foul Ball, location: 2F 1-2: Foul Ball, location: 2F 1-2: Ball 2-2: Fly out, F9 (Line Drive, 9LM, EV 88.8 MPH)
|
|
Batting: RHB Francisco Viera
|
0-0: Ball 1-0: Ball 2-0: Foul Ball, location: 2F 2-1: Fielders Choice at 2nd, 1-6 (Groundball, 23, EV 65.6 MPH)
|
|
Batting: LHB Bill Ostlund
|
0-0: DOUBLE (Flyball, 8LXD, EV 104.4 MPH) Francisco Viera to third Runner from 3rd tries for Home, SAFE, no throw by CF
|
|
Batting: SHB Jared Boyce
|
0-0: Ball 1-0: Foul Ball, location: 2F 1-1: Called Strike 1-2: Ball 2-2: Strikes out swinging
|
| Top of the 2nd over - 1 run, 2 hits, 0 errors, 1 left on base; Delmarva 1 - Clinton 0 |
| BOTTOM OF THE 2ND |
|
Clinton LumberKings batting - Pitching for Delmarva Shorebirds : RHP Nick Hoag
|
|
Batting: RHB Jesus Santiago
|
0-0: Ball 1-0: Ball 2-0: Ball 3-0: Base on Balls
|
|
Batting: LHB Chang Huie
|
0-0: DOUBLE (Groundball, 3L, EV 95.0 MPH) Jesus Santiago to third
|
|
Batting: RHB Justin Colella
|
0-0: Ball 1-0: Ball 2-0: Ball 3-0: Called Strike 3-1: Fly out, F8 (Flyball, 8RD, EV 110.0 MPH) Runner from 3rd tags up, SCORES, no throw by CF
|
|
Batting: SHB Garrett McKenna
|
0-0: Ball 1-0: Ball 2-0: Called Strike 2-1: Foul Ball, location: 2F 2-2: SINGLE (Line Drive, 4MD, EV 106.2 MPH) Chang Huie to third Runner from 3rd tries for Home, SAFE, throw by CF to home
|
|
Batting: RHB Chris Van Niel
|
0-0: Swinging Strike 0-1: Called Strike 0-2: Ball 1-2: Foul Ball, location: 2F 1-2: Strikes out swinging
|
|
Batting: SHB Tony Morales
|
0-0: Swinging Strike 0-1: Swinging Strike 0-2: Ball 1-2: Ball 2-2: DOUBLE (Line Drive, 78XD, EV 105.0 MPH) Garrett McKenna to third
|
|
Batting: RHB Nick Edmunds
|
0-0: Called Strike 0-1: SINGLE (Groundball, 34S, EV 70.6 MPH) (infield hit) Garrett McKenna scores Tony Morales to third
|
|
Batting: RHB Ryan Criollo
|
0-0: Called Strike 0-1: Ball 1-1: Called Strike Nick Edmunds steals 2nd base 1-2: Ball 2-2: Foul Ball, location: 2F 2-2: Foul Ball, location: 2F 2-2: Foul Ball, location: 2F 2-2: Strikes out looking
|
| Bottom of the 2nd over - 3 runs, 4 hits, 0 errors, 2 left on base; Delmarva 1 - Clinton 3 |
| TOP OF THE 3RD |
|
Delmarva Shorebirds batting - Pitching for Clinton LumberKings : RHP Sid Lampone
|
|
Batting: LHB Eric Jackson
|
0-0: Foul Ball, location: 2F 0-1: TRIPLE (Line Drive, 78XD, EV 105.0 MPH)
|
|
Batting: LHB Tim Mulholland
|
0-0: Swinging Strike 0-1: Called Strike 0-2: Ball 1-2: Ball 2-2: Strikes out swinging
|
|
Batting: RHB Danny Merrill
|
0-0: Called Strike 0-1: Ball 1-1: Fly out, F8 (Flyball, 8LS, EV 83.1 MPH)
|
|
Batting: LHB Mike Sloan
|
0-0: Ball 1-0: Called Strike 1-1: Called Strike 1-2: Fly out, F6 (Popup, 6D, EV 43.1 MPH)
|
| Top of the 3rd over - 0 runs, 1 hit, 0 errors, 1 left on base; Delmarva 1 - Clinton 3 |
| BOTTOM OF THE 3RD |
|
Clinton LumberKings batting - Pitching for Delmarva Shorebirds : RHP Nick Hoag
|
|
Batting: LHB Jason Hopkins
|
0-0: Called Strike 0-1: DOUBLE (Flyball, 8RXD, EV 96.9 MPH)
|
|
Batting: RHB Jesus Santiago
|
0-0: Foul Ball, location: 2F 0-1: Ball 1-1: Foul Ball, location: 2F 1-2: Strikes out swinging
|
|
Batting: LHB Chang Huie
|
0-0: Fly out, F8 (Flyball, 8RD, EV 102.5 MPH)
|
|
Batting: RHB Justin Colella
|
0-0: Ground out 5-3 (Groundball, 56S, EV 72.5 MPH)
|
| Bottom of the 3rd over - 0 runs, 1 hit, 0 errors, 1 left on base; Delmarva 1 - Clinton 3 |
| TOP OF THE 4TH |
|
Delmarva Shorebirds batting - Pitching for Clinton LumberKings : RHP Sid Lampone
|
|
Batting: SHB Jorge Brito
|
0-0: Ball 1-0: Swinging Strike 1-1: Foul Ball, location: 2F 1-2: Foul Ball, location: 2F 1-2: Ground out U3 (Groundball, 34, EV 84.4 MPH)
|
|
Batting: LHB Justin Moore
|
0-0: Swinging Strike 0-1: Swinging Strike 0-2: Foul Ball, location: 2F 0-2: Strikes out swinging
|
|
Batting: RHB Francisco Viera
|
0-0: Called Strike 0-1: Ball 1-1: Ball 2-1: Foul Ball, location: 2F 2-2: DOUBLE (Flyball, 8RXD, EV 104.4 MPH)
|
|
Batting: LHB Bill Ostlund
|
0-0: Called Strike 0-1: Foul Ball, location: 2F 0-2: Ground out 4-3 (Groundball, 4S, EV 90.6 MPH)
|
| Top of the 4th over - 0 runs, 1 hit, 0 errors, 1 left on base; Delmarva 1 - Clinton 3 |
| BOTTOM OF THE 4TH |
|
Clinton LumberKings batting - Pitching for Delmarva Shorebirds : RHP Nick Hoag
|
|
Batting: SHB Garrett McKenna
|
0-0: Ball 1-0: Called Strike 1-1: Ball 2-1: Ball 3-1: Foul Ball, location: 2F 3-2: Ground out 4-3 (Groundball, 4M, EV 103.1 MPH)
|
|
Batting: RHB Chris Van Niel
|
0-0: Swinging Strike 0-1: Foul Ball, location: 2F 0-2: Foul Ball, location: 2F 0-2: Foul Ball, location: 2F 0-2: Ball 1-2: Strikes out swinging
|
|
Batting: SHB Tony Morales
|
0-0: Called Strike 0-1: Ball 1-1: Ground out 4-3 (Groundball, 4, EV 76.9 MPH)
|
| Bottom of the 4th over - 0 runs, 0 hits, 0 errors, 0 left on base; Delmarva 1 - Clinton 3 |
| TOP OF THE 5TH |
|
Delmarva Shorebirds batting - Pitching for Clinton LumberKings : RHP Sid Lampone
|
|
Batting: SHB Jared Boyce
|
0-0: Ball 1-0: Foul Ball, location: 2F 1-1: Ground out 6-3 (Groundball, 4M, EV 107.5 MPH)
|
|
Batting: LHB Eric Jackson
|
0-0: SINGLE (Groundball, 6MS, EV 65.6 MPH) (infield hit)
|
|
Batting: LHB Tim Mulholland
|
0-0: Ball 1-0: Called Strike Eric Jackson steals 2nd base 1-1: Ball 2-1: Swinging Strike 2-2: Foul Ball, location: 2F 2-2: Foul Ball, location: 2F 2-2: Ground out 4-3 (Groundball, 4MD, EV 99.4 MPH) Eric Jackson to third
|
|
Batting: RHB Danny Merrill
|
0-0: Called Strike 0-1: Ball 1-1: Ball 2-1: Ball 3-1: Called Strike 3-2: Foul Ball, location: 2F 3-2: Base on Balls
|
|
Batting: LHB Mike Sloan
|
0-0: Ball Danny Merrill steals 2nd base 1-0: Ball 2-0: SINGLE (Groundball, 34D, EV 98.8 MPH) Eric Jackson scores Danny Merrill to third Runner from 3rd tries for Home, SAFE, throw by RF to home Mike Sloan to second
|
|
Pitching: RHP Jose Rios
|
|
|
Batting: SHB Jorge Brito
|
0-0: Called Strike 0-1: Ball 1-1: Foul Ball, location: 2F 1-2: Strikes out swinging
|
| Top of the 5th over - 2 runs, 2 hits, 0 errors, 1 left on base; Delmarva 3 - Clinton 3 |
| BOTTOM OF THE 5TH |
|
Clinton LumberKings batting - Pitching for Delmarva Shorebirds : RHP Nick Hoag
|
|
Pitching: RHP Shane Kruger
|
|
|
Batting: RHB Nick Edmunds
|
0-0: Called Strike 0-1: Ball 1-1: Fly out, F8 (Line Drive, 8LD, EV 110.0 MPH)
|
|
Batting: RHB Ryan Criollo
|
0-0: Ball 1-0: Swinging Strike 1-1: Swinging Strike 1-2: Ball 2-2: Foul Ball, location: 2F 2-2: Ground out 5-3 (Groundball, 56, EV 85.6 MPH)
|
|
Batting: LHB Jason Hopkins
|
0-0: Swinging Strike 0-1: Swinging Strike 0-2: Ball 1-2: Foul Ball, location: 2F 1-2: Foul Ball, location: 2F 1-2: Foul Ball, location: 2F 1-2: Ground out 4-3 (Groundball, 34D, EV 100.0 MPH)
|
| Bottom of the 5th over - 0 runs, 0 hits, 0 errors, 0 left on base; Delmarva 3 - Clinton 3 |
| TOP OF THE 6TH |
|
Delmarva Shorebirds batting - Pitching for Clinton LumberKings : RHP Jose Rios
|
|
Batting: LHB Justin Moore
|
0-0: Called Strike 0-1: Called Strike 0-2: Ball 1-2: Fly out, F7 (Flyball, 7D, EV 91.9 MPH)
|
|
Batting: RHB Francisco Viera
|
0-0: Ball 1-0: Fly out, F4 (Popup, 34D, EV 66.9 MPH)
|
|
Batting: LHB Bill Ostlund
|
0-0: Called Strike 0-1: Ground out 4-3 (Groundball, 4, EV 82.5 MPH)
|
| Top of the 6th over - 0 runs, 0 hits, 0 errors, 0 left on base; Delmarva 3 - Clinton 3 |
| BOTTOM OF THE 6TH |
|
Clinton LumberKings batting - Pitching for Delmarva Shorebirds : RHP Shane Kruger
|
|
Batting: RHB Jesus Santiago
|
0-0: Foul Ball, location: 2F 0-1: Foul Ball, location: 2F 0-2: Strikes out swinging, 2-3 out at first.
|
|
Batting: LHB Chang Huie
|
0-0: Ground out 6-3 (Groundball, 6, EV 83.1 MPH)
|
|
Batting: RHB Justin Colella
|
0-0: Foul Ball, location: 2F 0-1: Ball 1-1: Ball 2-1: Ball 3-1: Foul Ball, location: 2F 3-2: Base on Balls
|
|
Batting: SHB Garrett McKenna
|
0-0: Swinging Strike 0-1: Ground out 1-3 (Groundball, 13S, EV 61.9 MPH)
|
| Bottom of the 6th over - 0 runs, 0 hits, 0 errors, 1 left on base; Delmarva 3 - Clinton 3 |
| TOP OF THE 7TH |
|
Delmarva Shorebirds batting - Pitching for Clinton LumberKings : RHP Jose Rios
|
|
Batting: SHB Jared Boyce
|
0-0: Ball 1-0: Ball 2-0: Ball 3-0: Base on Balls
|
|
Batting: LHB Eric Jackson
|
0-0: Ball 1-0: Bunted foul 1-1: Bunt missed! 1-2: Foul Ball, location: 2F 1-2: Ball 2-2: Fielders Choice at 2nd, 6-4 (Groundball, 6, EV 96.9 MPH)
|
|
Batting: LHB Tim Mulholland
|
0-0: Called Strike Eric Jackson steals 2nd base 0-1: Ground out 6-3 (Groundball, 6, EV 78.1 MPH) Eric Jackson to third
|
|
Pitching: LHP Adam Parrish
|
|
|
Batting: RHB Danny Merrill
|
0-0: Called Strike 0-1: Swinging Strike 0-2: Ball 1-2: Foul Ball, location: 2F 1-2: Ball 2-2: Foul Ball, location: 2F 2-2: Foul Ball, location: 2F 2-2: Foul Ball, location: 2F 2-2: SINGLE (Groundball, P, EV 83.1 MPH) (infield hit) Eric Jackson scores
|
|
Batting: RHB Jon Zimmerman
|
0-0: Called Strike 0-1: SINGLE (Groundball, 6MD, EV 106.9 MPH) Danny Merrill to second Runner from 2nd tries for 3rd, SAFE, throw by CF made to third
|
|
Batting: SHB Jorge Brito
|
0-0: Called Strike 0-1: Fly out, F8 (Flyball, 8LXD, EV 94.4 MPH)
|
| Top of the 7th over - 1 run, 2 hits, 0 errors, 2 left on base; Delmarva 4 - Clinton 3 |
| BOTTOM OF THE 7TH |
|
Clinton LumberKings batting - Pitching for Delmarva Shorebirds : RHP Shane Kruger
|
|
Pitching: LHP Juan Becerra
|
|
|
Batting: RHB Chris Van Niel
|
0-0: Swinging Strike 0-1: Swinging Strike 0-2: Ball 1-2: Foul Ball, location: 2F 1-2: Ball 2-2: Ball 3-2: Strikes out looking
|
|
Batting: SHB Tony Morales
|
0-0: Called Strike 0-1: Foul Ball, location: 2F 0-2: Ball 1-2: SINGLE (Groundball, 5S, EV 73.8 MPH) (infield hit)
|
|
Batting: RHB Nick Edmunds
|
0-0: Called Strike 0-1: Called Strike Tony Morales is caught stealing 2nd base 2-4 0-2: Ball 1-2: Ball 2-2: Ground out 6-3 (Groundball, 6, EV 105.0 MPH)
|
| Bottom of the 7th over - 0 runs, 1 hit, 0 errors, 0 left on base; Delmarva 4 - Clinton 3 |
| TOP OF THE 8TH |
|
Delmarva Shorebirds batting - Pitching for Clinton LumberKings : LHP Adam Parrish
|
|
Batting: LHB Justin Moore
|
0-0: Called Strike 0-1: Ball 1-1: Called Strike 1-2: Ball 2-2: Foul Ball, location: 2F 2-2: Ground out 3-1 (Groundball, 34, EV 106.9 MPH)
|
|
Batting: RHB Francisco Viera
|
0-0: Fly out, F3 (Popup, 3, EV 62.5 MPH)
|
|
Batting: LHB Bill Ostlund
|
0-0: Ball 1-0: Ball 2-0: Called Strike 2-1: Ball 3-1: Ground out 4-3 (Groundball, 4, EV 93.1 MPH)
|
| Top of the 8th over - 0 runs, 0 hits, 0 errors, 0 left on base; Delmarva 4 - Clinton 3 |
| BOTTOM OF THE 8TH |
|
Clinton LumberKings batting - Pitching for Delmarva Shorebirds : LHP Juan Becerra
|
|
Batting: RHB Ryan Criollo
|
0-0: Ball 1-0: Foul Ball, location: 2F 1-1: Ground out 6-3 (Groundball, 6, EV 105.6 MPH)
|
|
Batting: LHB Jason Hopkins
|
0-0: Ball 1-0: Ball 2-0: Ball 3-0: Called Strike 3-1: Base on Balls
|
|
Pitching: RHP Ryan Kotter
|
|
|
Batting: RHB Jesus Santiago
|
0-0: Foul Ball, location: 2F 0-1: Called Strike 0-2: Ball 1-2: Ground out 5-3 (Groundball, 5S, EV 67.5 MPH) Jason Hopkins to second
|
|
Batting: LHB Chang Huie
|
0-0: Reached via error on a dropped throw from 1B, E1 (Groundball, 34, EV 80.0 MPH) Jason Hopkins to third
|
|
Batting: RHB Justin Colella
|
0-0: Ball 1-0: Ball 2-0: Fly out, F9 (Flyball, 9, EV 96.2 MPH)
|
| Bottom of the 8th over - 0 runs, 0 hits, 1 error, 2 left on base; Delmarva 4 - Clinton 3 |
| TOP OF THE 9TH |
|
Delmarva Shorebirds batting - Pitching for Clinton LumberKings : LHP Adam Parrish
|
|
Pitching: RHP Willie Sanchez
|
|
|
Batting: SHB Jared Boyce
|
0-0: Called Strike 0-1: Ball 1-1: Foul Ball, location: 2F 1-2: Ball 2-2: Ball 3-2: Strikes out swinging
|
|
Batting: LHB Eric Jackson
|
0-0: Ball 1-0: Ball 2-0: SINGLE (Line Drive, 8RS, EV 107.5 MPH)
|
|
Batting: LHB Tim Mulholland
|
0-0: Ball Eric Jackson steals 2nd base (no throw) 1-0: Ball 2-0: Foul Ball, location: 2F 2-1: Called Strike 2-2: Strikes out swinging
|
|
Batting: RHB Danny Merrill
|
0-0: Intentional Walk
|
|
Batting: LHB Tom Edwards
|
0-0: Swinging Strike 0-1: Swinging Strike 0-2: Ball 1-2: Strikes out swinging
|
| Top of the 9th over - 0 runs, 1 hit, 0 errors, 2 left on base; Delmarva 4 - Clinton 3 |
| BOTTOM OF THE 9TH |
|
Clinton LumberKings batting - Pitching for Delmarva Shorebirds : RHP Ryan Kotter
|
|
Pitching: RHP Josh Blankenship
|
|
|
Now at 1B: Danny Merrill
|
|
|
Now at 2B: Lee Deason
|
|
|
Batting: SHB Garrett McKenna
|
0-0: Ball 1-0: Called Strike 1-1: Foul Ball, location: 2F 1-2: Foul Ball, location: 2F 1-2: Ball 2-2: Strikes out looking
|
|
Batting: RHB Chris Van Niel
|
0-0: Called Strike 0-1: Ball 1-1: SINGLE (Line Drive, 89S, EV 91.9 MPH)
|
|
Batting: SHB Tony Morales
|
0-0: Called Strike 0-1: Called Strike 0-2: Ball 1-2: Ball 2-2: Strikes out looking
|
|
Batting: RHB Nick Edmunds
|
0-0: Swinging Strike 0-1: Ball 1-1: Called Strike 1-2: Ball 2-2: Strikes out swinging
|
| Bottom of the 9th over - 0 runs, 1 hit, 0 errors, 1 left on base; Delmarva 4 - Clinton 3 |
|